AoeStats
← ChronoMiner

Fortress

510013325Analyzed
3v3 RM · 5d ago on Sep 29, 2026· 38m 1s· 6 players
Game mode
Random Map
Map size
Large (8 player)
Population
200
Speed
Normal
Resources
Standard
Victory
Conquest
Starting age
Dark Age
Ending age
Imperial Age
RankedLock teamsTeams togetherTeam positionsShared explorationLock speedFull tech treeHidden civsTurbo modeCheats
Victory
Defeat
🇹🇼 Turks · Taiwan
978
+15
🇦🇷 Sicilians · Argentina
953
+16
953
+16
🇧🇷 Mongols · Brazil
976
-17
🇻🇪 Wei · Venezuela
953
-16
🇦🇷 Saxons · Argentina
919
-14
Abyssus
5:02 Loom
8:17 Feudal Age
13:39 Castle Age
11:38 Horse Collar
11:46 Double-Bit Axe
12:04 Gold Mining
12:55 Stone Mining
13:31 Fletching
16:24 Wheelbarrow
15:47 Bodkin Arrow
15:54 Padded Archer Armor
19:20 Bow Saw
20:24 Thumb Ring
24:40 Bloodlines
24:31 Husbandry
25:27 Treadmill Crane
29:29 Tuntian
31:12 Hand Cart
31:11 Scale Barding Armor
31:18 Forging
Josmi-Ga'lock
0:28 Loom
7:48 Feudal Age
8:17 Double-Bit Axe
12:59 Gold Mining
16:05 Fletching
19:23 Castle Age
17:55 Stone Mining
20:07 Bodkin Arrow
21:11 Ballistics
21:30 Fortified Wall
23:11 Murder Holes
30:07 Squires
40:31 Imperial Age
37:56 Treadmill Crane
38:21 Arson
ChronoMiner
0:45 Loom
8:59 Feudal Age
9:23 Horse Collar
9:30 Double-Bit Axe
16:56 Castle Age
18:38 Heavy Plow
18:50 Bow Saw
18:32 Gold Mining
18:38 Stone Mining
27:08 Nomads
31:10 Imperial Age
29:20 Elite Skirmisher
30:05 Thumb Ring
32:59 Chemistry
malin la estrella xd
0:47 Loom
6:46 Feudal Age
9:07 Double-Bit Axe
9:05 Horse Collar
11:52 Wheelbarrow
11:44 Gold Mining
16:35 Castle Age
15:32 Forging
16:34 Stone Mining
18:11 Heavy Plow
20:30 Iron Casting
23:10 Bow Saw
30:30 Imperial Age
30:06 Scale Barding Armor
31:55 Elite Jarl
34:57 Blast Furnace
35:21 Ballistics
35:07 Siege Engineers
36:19 Conscription
36:44 Chain Barding Armor
37:20 Stone Shaft Mining
38:51 Plate Barding Armor
AlaDerechaRey
9:29 Feudal Age
11:37 Gold Mining
11:47 Horse Collar
15:05 Fletching
16:37 Scale Mail Armor
16:57 Double-Bit Axe
17:52 Forging
20:52 Castle Age
20:40 Arson
24:30 Heavy Plow
25:22 Chain Mail Armor
31:05 Imperial Age
30:20 Bodkin Arrow
34:05 Cavalier
34:22 Capped Ram
36:20 Siege Ram
billzz0982
9:05 Feudal Age
11:35 Double-Bit Axe
14:03 Castle Age
18:49 Imperial Age
17:06 Fletching
18:12 Padded Archer Armor
18:56 Bodkin Arrow
21:32 Gold Mining
23:00 Wheelbarrow
25:08 Wheelbarrow
36:39 Bracer
36:54 Leather Archer Armor
Connection lost

Rejoining the realm…

Still unreachable

The connection could not be restored.

Session expired

The server has moved on; the page needs a fresh start.